12 | 0:01 | SCV | |
13 | 0:13 | SCV | |
14 | 0:19 | Supply Depot | |
14 | 0:26 | SCV | |
15 | 0:31 | Refinery | |
15 | 0:40 | SCV | |
16 | 0:47 | Barracks | |
16 | 0:52 | SCV | |
17 | 1:06 | SCV | |
18 | 1:19 | SCV | |
19 | 1:31 | SCV | |
20 | 1:34 | Barracks Reactor | |
20 | 1:35 | Supply Depot | |
20 | 1:45 | SCV | |
21 | 1:56 | Command Center | |
20 | 2:09 | Orbital Command | |
20 | 2:19 | Marine | |
20 | 2:20 | Reaper | |
22 | 2:23 | Factory | |
22 | 2:37 | Marine | |
22 | 2:42 | SCV | |
24 | 2:51 | Marine | |
25 | 3:04 | SCV | |
26 | 3:07 | Refinery | |
26 | 3:21 | Starport, Barracks Tech Lab | |
26 | 3:26 | SCV | |
27 | 3:27 | Hellion | |
27 | 3:28 | Hellion | |
27 | 3:29 | Supply Depot | |
27 | 3:30 | Orbital Command | |
31 | 3:38 | SCV | |
32 | 3:46 | Supply Depot | |
32 | 3:49 | Hellion | |
32 | 3:50 | SCV | |
37 | 3:57 | Widow Mine, Factory | |
37 | 4:22 | Hellion x2 | |
40 | 4:31 | SCV x2 | |
42 | 4:43 | Hellion | |
42 | 4:53 | Hellion x2 | |
42 | 5:02 | SCV x2 | |
42 | 5:04 | Infernal Pre-Igniter | |
42 | 5:05 | Hellion, Starport Reactor | |
46 | 5:14 | SCV x2, Hellion | |
47 | 5:23 | Siege Tank | |
47 | 5:26 | Hellion | |
50 | 5:34 | SCV x2 | |
52 | 5:41 | Engineering Bay | |
52 | 5:46 | SCV x2 | |
52 | 6:06 | Hellion | |
52 | 6:07 | Hellion x2 | |
58 | 6:16 | SCV x2 | |
60 | 6:26 | Command Center | |
60 | 6:28 | Hellion | |
62 | 6:45 | SCV | |
62 | 6:46 | Siege Tank | |
62 | 6:53 | SCV, Hellion x2 | |
61 | 6:57 | SCV | |
61 | 6:58 | Supply Depot | |
61 | 6:59 | Missile Turret, Supply Depot | |
61 | 7:00 | Supply Depot | |
62 | 7:02 | Missile Turret | |
62 | 7:04 | Missile Turret | |
62 | 7:07 | Missile Turret | |
62 | 7:13 | SCV x2, Liberator x2 | |
70 | 7:25 | SCV x2 | |
72 | 7:33 | Widow Mine, Hellion, Siege Tank | |
79 | 7:49 | SCV x2 | |
73 | 8:05 | Hellion | |
73 | 8:06 | Hellion | |
73 | 8:08 | SCV | |
73 | 8:09 | SCV x2 | |
74 | 8:26 | Hellion | |
78 | 8:27 | SCV x2, Hellion | |
78 | 8:28 | Liberator x2 | |
86 | 8:34 | Orbital Command | |
86 | 8:45 | Hellion, Command Center | |
86 | 8:46 | Armory | |
86 | 8:47 | Siege Tank | |
86 | 8:48 | SCV x2 | |
93 | 8:52 | Factory, Missile Turret | |
91 | 8:57 | Missile Turret | |
82 | 9:24 | Widow Mine, Siege Tank | |
82 | 9:25 | Hellion | |
78 | 9:56 | Liberator | |
78 | 9:57 | SCV | |
78 | 9:58 | SCV | |
81 | 10:02 | SCV | |
81 | 10:06 | Viking | |
84 | 10:08 | Hellion x2 | |
84 | 10:10 | SCV x2 | |
84 | 10:12 | Missile Turret | |
84 | 10:13 | Missile Turret | |
82 | 10:14 | Refinery x2, SCV | |
82 | 10:20 | Planetary Fortress | |
80 | 10:22 | SCV x2 | |
80 | 10:26 | SCV | |
80 | 10:30 | Hellion | |
80 | 10:34 | SCV x2 | |
84 | 10:37 | Refinery x2 | |
84 | 10:38 | SCV | |
84 | 10:39 | Missile Turret | |
84 | 10:40 | Missile Turret | |
84 | 10:41 | Missile Turret | |
85 | 10:44 | Hellion x2 | |
85 | 10:45 | Factory Reactor | |
85 | 10:46 | SCV x2 | |
85 | 10:49 | Hi-Sec Auto Tracking | |
91 | 10:50 | SCV | |
91 | 10:51 | Missile Turret | |
92 | 10:58 | SCV x2, Supply Depot | |
92 | 10:59 | Supply Depot | |
92 | 11:01 | Supply Depot | |
92 | 11:02 | SCV | |
90 | 11:10 | SCV x2 | |
92 | 11:14 | Thor | |
92 | 11:15 | Widow Mine x2 | |
92 | 11:16 | SCV | |
92 | 11:17 | SCV | |
104 | 11:22 | SCV x2 | |
106 | 11:29 | SCV x2 | |
106 | 11:30 | Command Center | |
106 | 11:32 | Missile Turret | |
108 | 11:34 | SCV | |
108 | 11:35 | SCV | |
110 | 11:41 | SCV | |
107 | 12:12 | Liberator x2 | |
107 | 12:14 | SCV x2 | |
107 | 12:23 | SCV x2 | |
107 | 12:25 | Hellion x3, Siege Tank | |
107 | 12:26 | SCV | |
107 | 12:29 | SCV | |
120 | 12:35 | SCV x2 | |
122 | 12:38 | SCV, Missile Turret | |
122 | 12:41 | SCV | |
124 | 12:47 | SCV x2, Missile Turret | |
124 | 12:49 | Widow Mine x2, Hellion x2 | |
134 | 12:55 | Liberator, Viking | |
134 | 12:57 | Siege Tank | |
133 | 13:25 | Liberator | |
129 | 13:28 | Planetary Fortress | |
129 | 13:31 | Refinery | |
129 | 13:32 | Missile Turret | |
129 | 13:38 | Liberator | |
123 | 14:01 | SCV x3 | |
121 | 14:02 | SCV | |
121 | 14:08 | Liberator | |
121 | 14:13 | SCV x2 | |
121 | 14:19 | Widow Mine, Siege Tank | |
121 | 14:21 | Liberator | |
122 | 14:25 | Supply Depot | |
122 | 14:28 | Missile Turret | |
118 | 14:31 | SCV x2 | |
118 | 14:32 | SCV x2 | |
118 | 14:36 | Refinery | |
118 | 14:37 | SCV | |
121 | 14:39 | Hellion x2 | |
121 | 14:41 | Hellion | |
121 | 14:42 | Hellion | |
121 | 14:43 | Drilling Claws, SCV | |
121 | 14:45 | Terran Vehicle Weapons Level 1 | |
130 | 14:48 | Armory x2 | |
130 | 14:50 | SCV x2 | |
130 | 14:51 | SCV x2, Liberator, Siege Tank | |
140 | 14:53 | Refinery | |
137 | 15:04 | Liberator | |
126 | 15:24 | Widow Mine x2, Siege Tank | |
126 | 15:25 | Widow Mine, Hellion | |
133 | 15:33 | Liberator | |
136 | 15:43 | Starport x2 | |
136 | 15:44 | Terran Ship Weapons Level 1 | |
136 | 15:46 | Liberator | |
139 | 15:50 | Terran Vehicle And Ship Armor Level 1 | |
139 | 15:51 | Hellion x3 | |
139 | 15:52 | Hellion | |
139 | 15:55 | Missile Turret | |
139 | 15:56 | Missile Turret, Siege Tank | |
150 | 16:12 | Hellion | |
152 | 16:20 | Hellion x3 | |
152 | 16:25 | Starport Reactor | |
156 | 16:32 | Starport Reactor | |
156 | 16:34 | Hellion | |
154 | 17:03 | Widow Mine x2, Siege Tank | |
154 | 17:04 | Hellion, Viking x4 | |
169 | 17:09 | SCV x2 | |
169 | 17:13 | Terran Vehicle Weapons Level 2 | |
171 | 17:29 | SCV x3 | |
171 | 17:31 | SCV x2 | |
171 | 17:33 | Command Center | |
171 | 17:37 | Siege Tank | |
171 | 17:43 | SCV | |
163 | 17:46 | Widow Mine x2 | |
163 | 17:47 | Widow Mine, Hellion, Viking x2 | |
163 | 17:48 | Viking x2 | |
165 | 17:54 | Missile Turret | |
165 | 17:56 | Missile Turret | |
163 | 18:07 | Widow Mine | |
163 | 18:08 | Hellion | |
163 | 18:09 | Siege Tank | |
170 | 18:15 | Supply Depot | |
170 | 18:16 | Terran Ship Weapons Level 2 | |
170 | 18:18 | Widow Mine x2, Viking | |
174 | 18:37 | Missile Turret | |
174 | 18:41 | Command Center, Siege Tank | |
165 | 18:42 | Missile Turret x2 | |
162 | 18:52 | Liberator x2, Viking | |
162 | 18:53 | Liberator, Viking | |
169 | 19:20 | Widow Mine x2, Hellion, Siege Tank | |
169 | 19:21 | Hellion, Viking | |
169 | 19:23 | SCV x5 | |
185 | 19:26 | Planetary Fortress | |
185 | 19:27 | Missile Turret | |
185 | 19:32 | Terran Vehicle And Ship Armor Level 2 | |
185 | 19:33 | Terran Vehicle Weapons Level 3 | |
185 | 19:35 | SCV | |
186 | 19:46 | Widow Mine x2, Hellion | |
186 | 19:52 | Siege Tank | |
181 | 20:03 | Viking x4 | |
181 | 20:04 | Viking | |
164 | 20:16 | Widow Mine x2 | |
164 | 20:17 | Widow Mine x2 | |
169 | 20:24 | Siege Tank | |
169 | 20:28 | Missile Turret | |
168 | 20:50 | Missile Turret | |
164 | 21:00 | Siege Tank | |
164 | 21:01 | Widow Mine x2, Hellion, Viking x3 | |
164 | 21:02 | Liberator x2 | |
179 | 21:04 | Terran Ship Weapons Level 3 | |
179 | 21:07 | Supply Depot | |
179 | 21:08 | Missile Turret | |
179 | 21:09 | Missile Turret | |
179 | 21:10 | Command Center, Missile Turret | |
178 | 21:24 | Widow Mine x2, Hellion x2 | |
186 | 21:30 | Refinery | |
160 | 22:11 | Viking x2 | |
160 | 22:12 | Viking x4 | |
160 | 22:15 | Widow Mine x4 | |
167 | 22:16 | Widow Mine | |
165 | 22:41 | Viking x2 | |
143 | 22:58 | Viking x3 | |
135 | 23:10 | Viking | |
135 | 23:11 | Viking x2 | |